 Dungeon Crawl Stone Soup version 0.32-a0-673-g3729bd50f8 (webtiles) character file.

Game seed: 866234643584194516

130 jiveturtle the Charlatan (level 5, -2/38 HPs)
             Began as a Coglin Artificer on Mar 11, 2024.
             Slain by Sigmund
             ... wielding a +0 scythe
              (7 damage)
             ... on level 2 of the Dungeon.
             The game lasted 00:03:51 (1851 turns).

jiveturtle the Charlatan (Coglin Artificer)         Turns: 1851, Time: 00:03:52

Health: -2/38      AC: 11    Str: 14    XL:     5   Next: 14%
Magic:  5/5        EV:  7    Int: 10    God:
Gold:   73         SH:  0    Dex: 15    Spells: 4/4 levels left

rFire   . . .        a - +0 club {Albrecht}
rCold   . . .        f - +0 dagger {Tenoch}
rNeg    . . .        o - +0 chain mail
rPois   .            s - +0 helmet
rElec   .            (no cloak)
rCorr   .            g - +0 pair of gloves
SInv    .            (no boots)
Will    .....        (amulet unavailable) Stlth
                     (ring unavailable)
HPRegen 0.26/turn    (ring unavailable)
MPRegen 0.09/turn    (no gizmo)

%: no passive effects
@: revved
A: off-hand wielding, slow wielding, warmup strikes, no jewellery
a: Invent Gizmo


You were on level 2 of the Dungeon.
You visited 1 branch of the dungeon, and saw 2 of its levels.

You collected 73 gold pieces.

Inventory:

Hand Weapons
 a - a +0 club (weapon) {Albrecht}
 f - a +0 dagger (offhand) {Tenoch}
Missiles
 n - 7 poisoned darts
Armour
 g - a +0 pair of gloves (worn)
 o - a +0 chain mail (worn)
 s - a +0 helmet (worn)
Wands
 c - a wand of flame (15) (quivered)
 d - a wand of charming (14)
 e - a wand of iceblast (5)
Scrolls
 h - a scroll of blinking {unknown}
 i - a scroll of enchant armour {unknown}
 p - a scroll of identify {unknown}
 r - a scroll of revelation {unknown}
 t - a scroll of immolation {unknown}
Potions
 b - a potion of resistance {unknown}
 j - a potion of enlightenment {unknown}
 k - a potion of berserk rage {unknown}
 l - a potion of degeneration {unknown}
 m - a potion of invisibility {unknown}
 q - 2 potions of brilliance {unknown}


   Skills:
 + Level 2.0 Fighting
 * Level 2.4 Maces & Flails
 + Level 2.4 Armour
 + Level 1.3 Dodging
 + Level 0.7 Stealth
 + Level 4.9 Evocations


You had 4 spell levels left.
You didn't know any spells.
Your spell library contained the following spells:

 Spells                   Type           Power      Damage    Failure   Level
 Sublimation of Blood     Necr           0%         N/A       100%        2
 Petrify                  Alch/Erth      0%         N/A       100%        4
 Irradiate                Conj/Alch      0%         3d11      100%        5


Dungeon Overview and Level Annotations

Branches:
Dungeon (2/15)

Altars:

Shops:
D:2 [

Annotations:
D:2 Sigmund


Innate Abilities, Weirdness & Mutations

You can wield a second weapon in your off-hand.
It takes a long time for you to wield or remove held weapons.
Your first few attacks do less damage.
You cannot equip rings or amulets.


Message History

Unknown command.
You hit Sigmund but do no damage.
Sigmund is severely wounded.
You closely miss Sigmund with your +0 dagger.
Sigmund closely misses you.
Unknown command.
You barely miss Sigmund with your +0 club.
Sigmund is severely wounded.
You hit Sigmund with your +0 dagger. Sigmund casts a spell at you.
You are confused.
Unknown command.
You bump into the rock wall.
Sigmund barely misses you.
Unknown command.
You're too confused to move!
Sigmund barely misses you.
Unknown command.
Sigmund hits you with a +0 scythe!
Unknown command.
You feel less confused.
Sigmund hits you from afar with a +0 scythe.
You hit Sigmund with your +0 dagger.
Sigmund is almost dead.
You closely miss Sigmund with your +0 club.
Sigmund points at you and mumbles some strange words.
The magic dart hits you.
You barely miss Sigmund with your +0 dagger.
Sigmund is almost dead.
You hit Sigmund but do no damage. Sigmund casts a spell at you.
The puff of flame hits you!
* * * LOW HITPOINT WARNING * * *
You hit Sigmund with your +0 dagger.
Sigmund is almost dead.
You hit Sigmund but do no damage. Sigmund barely misses you.
You closely miss Sigmund with your +0 dagger.
Sigmund is almost dead.
You closely miss Sigmund with your +0 club.
Sigmund hits you with a +0 scythe!
You die...
Sigmund begins carving another notch in his scythe.

##.#.#..##..#.####
.#.#.#......#.#
.#............#
.#.#.#.#########
.#.............#
...###########.#######
.∩>.# #.#.....# ....#
#.#.###.# ....#
#..@.##.# ....#
####@...# ....# #.####
....# #.# #+#.# #.# .#
#.# #.# #.# ..#


You could see Sigmund.

Vanquished Creatures
  Jessica (D:2)
  Robin (D:2)
  2 gnolls (D:2)
  An adder (D:2)
  2 dart slugs
  3 bats
  3 endoplasms (D:1)
  5 giant cockroaches
  16 goblins
  3 hobgoblins
  2 jackals (D:1)
  A quokka (D:2)
  4 ball pythons
  5 frilled lizards
  7 kobolds
  4 rats
60 creatures vanquished.

Vanquished Creatures (others)
  A gnoll (D:2)
1 creature vanquished.

Grand Total: 61 creatures vanquished

Notes
Turn   | Place    | Note
-------+----------+-------------------------------------------
     0 | D:1      | jiveturtle the Coglin Artificer began the quest for the
                  | Orb.
     0 | D:1      | Reached XP level 1. HP: 15/15 MP: 1/1
   155 | D:1      | Reached XP level 2. HP: 20/21 MP: 2/2
   233 | D:1      | Reached skill level 1 in Dodging
   413 | D:1      | Reached XP level 3. HP: 21/26 MP: 3/3
   415 | D:1      | Reached skill level 1 in Maces & Flails
   999 | D:2      | Found Fixke's Armour Boutique.
  1197 | D:2      | Noticed Jessica
  1204 | D:2      | Killed Jessica
  1205 | D:2      | Reached XP level 4. HP: 12/32 MP: 4/4
  1542 | D:2      | Noticed Robin
  1556 | D:2      | Killed Robin
  1557 | D:2      | Reached XP level 5. HP: 25/38 MP: 5/5
  1803 | D:2      | Noticed Sigmund
  1851 | D:2      | Slain by Sigmund

Illustrated notes

Levels and vault maps discovered:
D:1:      minmay_arrival_open_corners, layout_basic
D:2:      layout_basic, dreamdust_ecumenical_altar_statues, serial_shops, shop,
          nicolae_grassy_gnolls, uniq_robin, uniq_jessica, uniq_sigmund

Skill      XL: |  1  2  3  4 |
---------------+-------------+-----
Dodging        | 1 |  1.3
Maces & Flails | 2 |  2.4
Armour         | 2 |  2.4
Fighting       | 2 |  2.0
Stealth        | |  0.7
Evocations     | |  4.9

Action                     |  1- 3 |  4- 6 || total
---------------------------+-------+-------++-------
  Melee: Club              |   112 |    76 ||   188
         Dagger            |   105 |    75 ||   180
  Evoke: Wand              |       |     1 ||     1
 Armour: Leather armour    |    45 |       ||    45
         Chain mail        |    53 |    85 ||   138
  Dodge: Dodged            |    66 |    40 ||   106

Table legend: (Time is in decaauts)
 A = Elapsed time spent in this place.
 B = Non-inter-level travel time spent in this place.
 C = Inter-level travel time spent in this place.
 D = Time resting spent in this place.
 E = Time spent auto-exploring this place.
 F = Levels seen in this place.
 G = Mean time per level.
                   A        B        C        D        E       F      G
               +--------+--------+--------+--------+--------+-----+--------+
         Total |   1874 |   1849 |     25 |    234 |   1154 |   2 |  937.0 |
       Dungeon |   1874 |   1849 |     25 |    234 |   1154 |   2 |  937.0 |
               +--------+--------+--------+--------+--------+-----+--------+

Top non-repeatable levels by time:
     D:1: 996 daAuts
     D:2: 878 daAuts
